 Dungeon Crawl Stone Soup version 0.28.0-43-g3370ac3207 (webtiles) character file.

Game seed: 5136142653720598358

329 demenzo the Skirmisher (level 6, -6/66 HPs)
             Began as an Ogre Cinder Acolyte on Mar 28, 2022.
             Was an Elder of Ignis.
             Killed by divine providence
             ... invoked by an orc priest
              (13 damage)
             ... on level 4 of the Dungeon.
             The game lasted 00:06:38 (4535 turns).

demenzo the Skirmisher (Ogre Cinder Acolyte)        Turns: 4535, Time: 00:06:38

Health: -6/66      AC: 11    Str: 19    XL:     6   Next: 51%
Magic:  10/10      EV:  9    Int: 17    God:    Ignis [****..]
Gold:   190        SH:  0    Dex:  4    Spells: 9/11 levels left

rFire   + . .      SeeInvis .   a - +1 rapier (speed)
rCold   . . .      Faith    .   (no shield)
rNeg    . . .      Spirit   .   b - +0 robe
rPois   .          Reflect  .   (helmet restricted)
rElec   .          Harm     .   k - +0 cloak
rCorr   .          Rampage  .   (gloves unavailable)
Will    .....                   (boots unavailable)
Stlth   +.........              (no amulet)
HPRegen 0.21/turn               (no ring)
MPRegen 0.12/turn               (no ring)

@: fiery-armoured
A: large, unfitting armour, tough skin 1
a: Renounce Religion, Fiery Armour, Foxfire Swarm, Rising Flame


You were on level 4 of the Dungeon.
You worshipped Ignis.
Ignis was greatly pleased with you.
You visited 1 branch of the dungeon, and saw 4 of its levels.

You collected 190 gold pieces.

Inventory:

Hand Weapons
 a - a +1 rapier of speed (weapon)
 n - a -1 hand axe of flaming
Missiles
 c - 42 arrows
 f - 101 stones (quivered)
 j - 25 sling bullets
Armour
 b - a +0 robe (worn)
 k - a +0 cloak (worn)
Magical Staves
 v - a staff of conjuration
Jewellery
 o - a ring of wizardry
Wands
 h - a wand of polymorph (7)
 q - a wand of mindburst (20)
Scrolls
 i - a scroll of vulnerability {unknown}
 m - a scroll of fear {unknown}
 p - a scroll of blinking {unknown}
 r - a scroll of identify {unknown}
 s - a scroll of amnesia {unknown}
 u - a scroll of enchant weapon {unknown}
 w - a scroll of holy word {unknown}
 x - a scroll of acquirement {unknown}
 y - a scroll of enchant armour {unknown}
Potions
 d - a potion of flight {unknown}
 e - 2 potions of might {unknown}
 g - a potion of brilliance {unknown}
 l - a potion of haste {unknown}
 t - 2 potions of degeneration {unknown}


   Skills:
 + Level 5.4 Fighting
 * Level 5.0 Axes
 + Level 3.2 Spellcasting
 + Level 3.7 Fire Magic


You had 9 spell levels left.
You knew the following spells:

 Your Spells              Type           Power      Damage    Failure   Level
a - Scorch                Fire           30%        2d6       5%          2

Your spell library contained the following spells:

 Spells                   Type           Power      Damage    Failure   Level
 Static Discharge         Conj/Air       2%         N/A       26%         2
 Lightning Bolt           Conj/Air       1%         1d12      99%         5
 Maxwell's Capacitive Co  Air            1%         ∞         100%        8


Dungeon Overview and Level Annotations

Branches:
Dungeon (4/15)
 Temple: D:4-7

Altars:


Innate Abilities, Weirdness & Mutations

You are too large for most types of armour.
You have tough skin. (AC +1)


Message History

The orc hits you with a +1 mace of holy wrath!
You hit the orc priest but do no damage.
The orc priest hits you with a +0 hand axe.
* * * LOW HITPOINT WARNING * * *
The orc completely misses you.
You hit the orc priest.
The orc priest is heavily wounded.
The orc priest closely misses you.
You barely miss the orc priest.
The orc priest is heavily wounded.
The orc hits you with a +1 mace of holy wrath.
* * * LOW HITPOINT WARNING * * *
The orc priest hits you with a +0 hand axe.
* * * LOW HITPOINT WARNING * * *
You hit the orc priest.
The orc priest is severely wounded.
The orc completely misses you.
Unknown command.
A protective cloak of flame settles atop you.
The orc priest barely misses you. The orc hits you but does no damage.
The orc is burned by your cloak of flames.
The orc is heavily wounded.
Unknown command.
You hit the orc priest.
The orc priest is almost dead.
The orc priest begins to cast a cantrip, but forgets the words!
The orc closely misses you.
Unknown command.
You barely miss the orc priest.
The orc priest is almost dead.
The orc priest calls down the wrath of Beogh upon you.
Pain shoots through your body!
* * * LOW HITPOINT WARNING * * *
The orc closely misses you.
Unknown command.
You hit the orc priest but do no damage.
The orc priest is almost dead.
The orc priest invokes the aid of Beogh against you.
Beogh smites you!
You die...

... ..# ##### ....
....# # ## ..<..
....#
#.#.#####.....
##..#
######.#..#.#o.....
##..#
#.........@#.oo#
#...# #.######.[oo#
....# #.# ##.#.#
....###.#######.#.#
..........|.......#
...........####.###
.. #######
....###.##......#
#. ....... #.###
#.#########
..######. #.# #.#
#........


You could see an orc priest and an orc.

Vanquished Creatures
  A water moccasin (D:3)
  2 orc wizards (D:3)
  4 gnolls (D:4)
  5 adders
  An ufetubus (D:4)
  2 worms
  A dart slug (D:3)
  9 orcs
  8 endoplasms
  4 giant cockroaches
  10 hobgoblins
  6 kobolds
  4 quokkas
  3 ball pythons
  5 bats
  A frilled lizard (D:3)
  3 goblins
  4 rats
73 creatures vanquished.

Notes
Turn   | Place    | Note
-------+----------+-------------------------------------------
     0 | D:1      | demenzo the Ogre Cinder Acolyte began the quest for the
                  | Orb.
     0 | D:1      | Reached XP level 1. HP: 24/24 MP: 2/2
   256 | D:1      | Reached XP level 2. HP: 24/32 MP: 4/4
   410 | D:1      | Found a faded altar of an unknown god.
  1340 | D:2      | Reached XP level 3. HP: 40/40 MP: 5/5
  1839 | D:2      | Learned a level 2 spell: Scorch
  1995 | D:3      | Reached XP level 4. HP: 45/49 MP: 7/7
  2286 | D:3      | HP: 2/49 [orc/+0 hand axe (2)]
  2508 | D:3      | Noticed a water moccasin
  2517 | D:3      | Killed a water moccasin
  2518 | D:3      | Reached skill level 5 in Fighting
  2518 | D:3      | Reached XP level 5. HP: 26/57 MP: 1/9
  2880 | D:3      | Reached XP level 6. HP: 25/66 MP: 10/10
  4227 | D:4      | Reached skill level 5 in Axes
  4535 | D:4      | Killed from afar by an orc priest

Illustrated notes

Levels and vault maps discovered:
D:1:      mushboom_english_gardens, layout_basic,
          hellmonk_ecumenical_altar_pennies_from_heaven, feat_on_display
D:2:      layout_basic
D:3:      layout_basic
D:4:      layout_loops_ring

Skill      XL: |  1  2  3  4  5  6 |
---------------+-------------------+-----
Fire Magic     | 3 |  3.7
Spellcasting   | 2 3 |  3.2
Axes           | 4 5 |  5.0
Fighting       | 5 |  5.4

Action                   |  1- 3 |  4- 6 || total
-------------------------+-------+-------++-------
Melee: Hand axe          |   118 |       ||   118
       Punch             |     3 |     2 ||     5
       Rapier            |       |   160 ||   160
 Cast: Scorch            |     3 |     6 ||     9
Invok: Fiery Armour      |       |     3 ||     3
Armor: Robe              |    34 |    54 ||    88
Dodge: Dodged            |    58 |    76 ||   134
